 Dungeon Crawl Stone Soup version 0.23-a0-582-g1b4a0ca (webtiles) character file.

134 Inarius the Chopper (level 4, -2/35 HPs)
             Began as a Demonspawn Chaos Knight on Dec 16, 2018.
             Was a Plaything of Xom.
             Killed from afar by an orc wizard (7 damage)
             ... with a puff of flame
             ... on level 3 of the Dungeon.
             The game lasted 00:03:17 (2283 turns).

Inarius the Chopper (Demonspawn Chaos Knight)       Turns: 2283, Time: 00:03:18

Health: -2/35      AC:  6    Str: 14    XL:     4   Next: 95%
Magic:  4/4        EV: 12    Int: 15    God:    Xom [......]
Gold:   228        SH:  0    Dex: 14    Spells: 3/3 levels left

rFire    . . .     SeeInvis .   a - +0 hand axe (chaos)
rCold    . . .     Gourm    .   (no shield)
rNeg     . . .     Faith    .   b - +2 leather armour
rPois    +         Spirit   .   (no helmet)
rElec    .         Reflect  .   d - +0 cloak
rCorr    +         Harm     .   (no gloves)
MR       .....                  (no boots)
Stlth    +.........             (no amulet)
HPRegen  0.11/turn              h - ring of resist corrosion
MPRegen  0.09/turn              m - ring "Etherpho" {*Slow +Fly rPois Int+2 Dex+2}

@: no status effects
A: hooves 1, mutation resistance 1, powered by death 1
a: Renounce Religion, Evoke Flight


You were on level 3 of the Dungeon.
You worshipped Xom.
You were a very special plaything of Xom.
You were hungry.

You visited 1 branch of the dungeon, and saw 3 of its levels.

You collected 228 gold pieces.

Inventory:

Hand Weapons
 a - a +0 hand axe of chaos (weapon)
Armour
 b - a +2 leather armour (worn)
 d - a +0 cloak (worn)
Jewellery
 h - a ring of resist corrosion (left hand)
 m - the ring "Etherpho" (right hand) {*Slow +Fly rPois Int+2 Dex+2}
   (Xom gifted it to you on level 2 of the Dungeon)

   [ring of flight]

   It affects your intelligence (+2).
   It affects your dexterity (+2).
   It protects you from poison.
   It lets you fly.
   It may slow you when you take damage.
Wands
 p - a wand of acid (14)
Scrolls
 f - a scroll of teleportation {unknown}
 g - 3 scrolls of remove curse {unknown}
 i - 3 scrolls of identify {unknown}
 k - a scroll of amnesia {unknown}
 l - a scroll of immolation {unknown}
 o - a scroll of magic mapping {unknown}
Potions
 e - a potion of curing {unknown}
 j - a potion of brilliance {unknown}
Comestibles
 c - 3 rations


   Skills:
 + Level 3.4 Fighting
 * Level 4.3 Axes
 + Level 2.2 Armour
 + Level 1.7 Dodging
 - Level 0.2 Stealth
 * Level 0.1 Evocations


You had 3 spell levels left.
You didn't know any spells.
Your spell library contained the following spells:

 Spells                   Type           Power        Failure   Level  Hunger
 Animate Skeleton         Necr           N/A          32%         1    ##.....
 Apportation              Tloc           #.....       32%         1    ##.....
 Confusing Touch          Hex            #.....       32%         1    ##.....
 Summon Small Mammal      Summ           #...         32%         1    ##.....


Dungeon Overview and Level Annotations

Branches:
Dungeon (3/15)

Altars:
Xom
Zin


Innate Abilities, Weirdness & Mutations

You have large cloven feet.
You regenerate a little health from kills.
You are somewhat resistant to further mutation.


Message History

You miss something. Your kick misses something.
Something hits you but does no damage. x2
All of the chunks of flesh in your inventory have rotted away.
You miss something. Something hits you but does no damage. Something hits you.
You miss something.
Your leather armour prevents you from hitting something.
Your kick misses something. Something hits you but does no damage.
You hear some strange, mumbled words.
A puff of flame appears from out of thin air!
The puff of flame hits you!
* * * LOW HITPOINT WARNING * * *
A shower of butterflies erupts from you!
You hear some strange, mumbled words.
A puff of flame appears from out of thin air!
The puff of flame misses you. The puff of flame hits your butterfly.
Your butterfly dies!
You hear some strange, mumbled words.
A puff of flame appears from out of thin air!
The puff of flame hits you!
You die...

...?......# .........l
#........# ##........##
#.......b..# ###.......b..# #
#...........Z### ##
#...........{..# ####.
#............#@############....
####.....b..##.)..#.........#..
##.....%.###.....##########.
#######.##..###.### ##. #.#..##
#...#######.. ### #.#.##
###.......#.# ..# #...#
##........# #.####### #####
#.......## #.<.....# ####.##.##


You could see a friendly orc zombie.

Vanquished Creatures
  A worker ant (D:3)
  4 adders
  A worm (D:3)
  4 dart slugs
  A leopard gecko (D:3)
  2 orcs (D:3)
  3 bats
  A giant cockroach (D:2)
  6 goblins
  6 hobgoblins
  6 jackals
  3 quokkas
  4 frilled lizards
  9 kobolds
  11 rats
  A toadstool (D:3)
63 creatures vanquished.

Vanquished Creatures (others)
  4 toadstools (D:3)
4 creatures vanquished.

Grand Total: 67 creatures vanquished

Notes
Turn   | Place    | Note
-------+----------+-------------------------------------------
     0 | D:1      | Inarius the Demonspawn Chaos Knight began the quest for the
                  | Orb.
     0 | D:1      | Reached XP level 1. HP: 18/18 MP: 1/1
    51 | D:1      | Reached skill level 1 in Dodging
   256 | D:1      | Gained mutation: You have large cloven feet. [demonic
                  | ancestry]
   256 | D:1      | Reached XP level 2. HP: 24/24 MP: 2/2
   258 | D:1      | XOM: harmless Chrm miscast
   486 | D:1      | XOM: divination: magic mapping
   516 | D:1      | Reached skill level 3 in Axes
   786 | D:1      | XOM: harmless Tloc miscast
   819 | D:1      | Gained mutation: You regenerate a little health from kills.
                  | [demonic ancestry]
   819 | D:1      | Reached XP level 3. HP: 24/29 MP: 3/3
  1299 | D:2      | XOM: god gift: pitted bone ring {god gift}
  1300 | D:2      | Got a pitted bone ring {god gift}
  1301 | D:2      | Identified the ring "Etherpho" {*Slow +Fly rPois Int+2
                  | Dex+2} (Xom gifted it to you on level 2 of the Dungeon)
  1491 | D:2      | XOM: god gift: 18 arrows
  1504 | D:2      | XOM: give mutation
  1504 | D:2      | Gained mutation: You are somewhat resistant to further
                  | mutation. [Xom's grace]
  1721 | D:3      | Reached XP level 4. HP: 33/35 MP: 4/4
  1894 | D:3      | Found a shimmering altar of Xom.
  1894 | D:3      | Found a glowing silver altar of Zin.
  1894 | D:3      | Noticed an angel
  1932 | D:3      | Reached skill level 4 in Axes
  1957 | D:3      | XOM: 5-stop teleportation journey
  2281 | D:3      | XOM: butterfly on damage
  2283 | D:3      | Killed from afar by an orc wizard

Vault maps used:
D:1:      dpeg_arrival_line_fractal, minivault_4
D:2:      minmay_misc_feat_tower
D:3:      grunt_temple_overflow_order_and_chaos_1, first_ration,
          minmay_gold_behind_fungi, dk_noncrumbling_4

Skill      XL: |  1  2  3  4 |
---------------+-------------+-----
Dodging        | 1 |  1.7
Axes           | 3 4 |  4.3
Armour         | 2 |  2.2
Fighting       | |  3.4
Stealth        | |  0.2
Evocations     | |  0.1

Action                   |  1- 3 |  4- 6 || total
-------------------------+-------+-------++-------
Melee: Hand axe          |   119 |    57 ||   176
       Kick              |    17 |    20 ||    37
 Stab: Confused          |     1 |     1 ||     2
       Paralysed         |     1 |       ||     1
  Eat: Chunk             |     3 |     1 ||     4
Armor: Leather armour    |    43 |    13 ||    56
Dodge: Dodged            |    79 |    30 ||   109

Table legend:
 A = Non-vault XP
 B = Vault XP
 C = Vault XP percentage of total XP
 D = Non-vault monster count
 E = Vault monster count
 F = Vault count percentage of total count
                 A         B        C        D         E       F
            +---------+---------+-------+---------+---------+-------
      Total |     192 |       0 |   0.0 |      62 |       0 |   0.0
            +---------+---------+-------+---------+---------+-------
        D:1 |      41 |       0 |   0.0 |      23 |       0 |   0.0
        D:2 |      27 |       0 |   0.0 |      10 |       0 |   0.0
        D:3 |     124 |       0 |   0.0 |      29 |       0 |   0.0
            +---------+---------+-------+---------+---------+-------
